Map: Cyber Forest LE

Players

NtStreamline

  • Race: Terran Terran
  • Spawn Location: 5:00

HaPe - Winner!

  • Race: Protoss Protoss
  • Spawn Location: 11:00

Event: 2019 WCS Spring

VOD

Have the link to the VOD?

Description

Time

  • Played on: May 17, 2019, 7:26 a.m.
  • Length: 10:02

All games in this series

Show
View Real Time Build Order
Export as new Build Order

NtStreamline Terran 

Build Orders:  

Get SALT Encoding   

  12  0:00  SCV  
  13  0:12  SCV  
  14  0:18  Supply Depot  
  14  0:24  SCV  
  15  0:31  Refinery  
  15  0:40  SCV  
  16  0:45  Barracks  
  16  0:52  SCV  
  17  1:04  SCV  
  18  1:16  SCV  
  19  1:31  Orbital Command  
  19  1:32  Barracks Reactor  
  19  1:52  Command Center  
  19  1:57  SCV  
  20  2:06  Barracks  
  20  2:08  Marine  
  21  2:09  Marine  
  21  2:13  SCV  
  23  2:25  Supply Depot  
  23  2:41  Engineering Bay  
  23  2:43  Barracks  
  23  2:47  SCV  
  24  2:56  Barracks Tech Lab  
  24  2:59  SCV  
  24  3:01  Marine x2  
  27  3:09  Orbital Command  
  27  3:11  SCV  
  26  3:14  Marine  
  26  3:19  Stimpack, Marine  
  27  3:21  Marine  
  27  3:24  Terran Infantry Weapons Level 1  
  28  3:33  Factory  
  29  3:44  SCV x2  
  29  3:46  Barracks Tech Lab  
  30  3:51  Refinery  
  30  3:56  SCV x2  
  30  3:59  Marine  
  30  4:00  Marine x2  
  35  4:08  SCV x2  
  35  4:09  Marine  
  38  4:10  Bunker  
  38  4:17  Marine x2, Supply Depot  
  38  4:19  Marine  
  38  4:20  SCV  
  38  4:21  SCV  
  43  4:28  Starport  
  43  4:29  Factory Reactor  
  43  4:32  SCV  
  43  4:33  Marine  
  43  4:35  SCV  
  43  4:38  Marine x2  
  48  4:44  Supply Depot  
  48  4:49  SCV  
  48  4:50  Missile Turret, Marine  
  48  4:52  SCV  
  51  4:58  Marine x2  
  53  5:00  Refinery  
  53  5:01  SCV, Combat Shield  
  54  5:08  SCV  
  54  5:13  SCV, Marine x2  
  58  5:16  Marine  
  58  5:18  Marine  
  58  5:20  SCV, Factory Reactor  
  61  5:26  Supply Depot  
  61  5:27  SCV  
  62  5:30  Supply Depot  
  62  5:31  Concussive Shells  
  62  5:45  Refinery, SCV, Medivac x2, Marauder, Marine  
  62  5:46  Supply Depot  
  62  5:47  SCV, Marine  
  72  5:50  Marine  
  73  5:57  SCV  
  73  5:59  Supply Depot  
  73  6:00  SCV, Widow Mine  
  73  6:03  Widow Mine  
  80  6:05  Marine  
  82  6:11  Marauder  
  82  6:12  Marauder  
  82  6:13  Marine  
  82  6:14  SCV  
  82  6:18  Supply Depot  
  86  6:23  Marine, Widow Mine  
  86  6:24  Widow Mine  
  91  6:31  Marine  
  91  6:32  Marine  
  94  6:33  Marauder  
  94  6:40  Supply Depot  
  94  6:41  Marine  
  93  6:47  Command Center  
  93  6:49  Marine  
  93  6:50  Medivac  
  93  6:51  Marauder  
  93  6:53  SCV x2  
  98  7:02  Marauder, Marine  
  98  7:06  Marine  
  98  7:07  SCV  
  103  7:11  SCV  
  103  7:12  Marauder  
  103  7:13  Barracks  
  106  7:19  SCV, Marine  
  108  7:23  SCV, Marine  
  110  7:33  Marine  
  110  7:34  Marauder, Barracks  
  110  7:35  Terran Infantry Armor Level 1  
  113  7:41  Marauder  
  113  7:42  Widow Mine  
  117  7:47  Widow Mine  
  118  7:51  Marine  
  118  7:59  Marauder, Medivac x2, Marine  
  118  8:00  SCV  
  118  8:03  Marauder  
  118  8:04  Orbital Command  
  128  8:10  SCV  
  128  8:12  SCV  
  130  8:13  Barracks Tech Lab  
  130  8:20  Marauder  
  130  8:22  SCV  
  133  8:29  Supply Depot  
  133  8:32  Refinery  
  133  8:36  SCV x2, Supply Depot, Marauder x2, Marine x2  
  133  8:38  Supply Depot  
  133  8:39  Barracks Tech Lab  
  141  8:51  SCV x3, Widow Mine, Supply Depot, Medivac, Marine  
  149  8:56  Armory  
  149  8:58  Marauder  
  151  9:03  SCV x2  
  120  9:24  Marine x3  
  120  9:25  Marauder, Marine x2  
  102  9:42  Marine x2  
  102  9:43  Marine  
Show
View Real Time Build Order
Export as new Build Order

HaPe Protoss - Winner!

Build Orders: 1 Gate Expand, Blink Stalkers, Colossus Rush 

Get SALT Encoding   

  12  0:00  Probe  
  13  0:12  Probe  
  14  0:18  Pylon  
  14  0:25  Probe  
  15  0:34  Probe  
  15  0:37  Gateway  
  16  0:43  Probe  
  16  0:44  Assimilator  
  17  0:52  Probe  
  18  1:04  Probe  
  19  1:16  Probe  
  20  1:22  Assimilator  
  20  1:24  Cybernetics Core  
  20  1:40  Nexus  
  20  1:46  Pylon  
  20  1:53  Probe  
  21  2:00  Assimilator  
  21  2:01  Stalker  
  21  2:05  Probe  
  24  2:17  Probe  
  24  2:22  Warp Gate  
  25  2:29  Probe  
  26  2:32  Twilight Council  
  26  2:41  Probe  
  27  2:46  Stalker  
  27  2:49  Pylon  
  29  2:55  Probe  
  29  2:56  Blink  
  31  3:05  Probe  
  31  3:08  Probe  
  32  3:17  Probe  
  33  3:21  Probe  
  34  3:29  Probe  
  35  3:35  Gateway  
  35  3:37  Gateway  
  35  3:39  Probe x2  
  36  3:45  Stalker  
  39  3:51  Probe  
  39  3:55  Probe  
  40  4:03  Probe x2  
  42  4:11  Probe  
  42  4:15  Probe  
  44  4:21  Probe, Robotics Facility  
  44  4:23  Shield Battery  
  45  4:24  Stalker  
  45  4:31  Stalker  
  49  4:35  Pylon  
  49  4:36  Stalker  
  51  4:44  Probe  
  52  4:47  Assimilator  
  52  4:48  Assimilator  
  52  4:49  Stalker  
  52  4:50  Pylon  
  54  5:01  Pylon  
  54  5:06  Observer  
  54  5:07  Probe  
  54  5:12  Probe  
  56  5:18  Robotics Bay, Shield Battery  
  56  5:19  Probe  
  57  5:22  Forge  
  57  5:24  Probe  
  57  5:25  Charge  
  57  5:27  Zealot x2, Sentry, Pylon  
  57  5:28  Warp Prism  
  64  5:34  Probe  
  67  5:41  Probe  
  68  5:55  Gateway x2  
  68  5:58  Colossus  
  68  6:04  Protoss Ground Weapons Level 1  
  74  6:14  Sentry  
  74  6:15  Zealot x2, Pylon  
  74  6:18  Extended Thermal Lance  
  80  6:26  Pylon  
  80  6:31  Shield Battery  
  80  6:42  Colossus, Gateway  
  80  6:45  Pylon  
  78  6:50  Shield Battery  
  78  6:52  Shield Battery  
  82  7:05  Sentry  
  82  7:06  Zealot x4  
  92  7:17  Pylon  
  92  7:27  Colossus  
  92  7:32  Zealot x3  
  104  7:52  Gateway  
  104  7:58  Stalker x2  
  104  7:59  Zealot x4  
  104  8:02  Pylon  
  116  8:17  Pylon  
  116  8:22  Disruptor  
  119  8:36  Nexus  
  119  8:37  Stalker  
  119  8:38  Stalker  
  123  8:43  Pylon  
  123  8:53  Shield Battery  
  123  8:56  Pylon  
  123  9:01  Disruptor  
  126  9:07  Zealot x3  
  115  9:22  Zealot x4  
  123  9:30  Zealot  
  123  9:31  Zealot  
  119  9:46  Stalker x3  
Tags
 
Add a new tag
Caveats
  • Supply blocks, unpowered buildings, or Contaminate may cause inaccurate times.
  • Supply counts are checked every 10 seconds.